Map: Simulacrum LE

Players

BerryRAWR - Winner!

  • Race: Terran Terran
  • League: Master
  • Spawn Location: 11:00

EyEPatcHZerG

  • Race: Zerg Zerg
  • League: Master
  • Spawn Location: 5:00

VOD

Have the link to the VOD?

Description

Time

  • Played on: May 29, 2020, 4:27 a.m.
  • Length: 5:12
Show
View Real Time Build Order
Export as new Build Order

BerryRAWR Terran - Winner!

Build Orders:  

Get SALT Encoding   

  12  0:01  SCV  
  13  0:13  SCV  
  14  0:18  Supply Depot  
  14  0:45  Barracks  
  14  0:53  Barracks  
  14  1:10  Barracks  
  14  1:23  Barracks  
  14  1:45  Marine  
  15  1:53  Orbital Command  
  15  1:54  Marine  
  16  2:04  Marine  
  17  2:12  Marine  
  18  2:16  Marine  
  19  2:23  Marine  
  19  2:24  Supply Depot  
  19  2:27  Marine  
  21  2:30  Marine  
  21  2:34  Marine  
  23  2:46  Marine x2, SCV  
  23  2:48  Marine  
  27  2:52  Supply Depot  
  27  2:54  Marine  
  28  3:04  Marine x2  
  30  3:08  Marine  
  31  3:13  Marine, SCV  
  33  3:21  Marine x2  
  33  3:26  Marine  
  28  3:34  Marine  
  28  3:39  Marine x2  
  24  3:44  Marine  
  23  3:52  Marine  
  24  3:57  Marine x2  
  24  4:02  Marine  
  27  4:08  SCV  
  28  4:10  Marine  
  28  4:14  Supply Depot  
  28  4:15  Marine x2  
  31  4:19  Marine  
  32  4:28  Marine  
  33  4:33  Marine x2  
  33  4:37  Marine  
  36  4:43  Supply Depot  
  36  4:45  Marine  
  36  4:50  Marine x2  
Show
View Real Time Build Order
Export as new Build Order

EyEPatcHZerG Zerg 

Build Orders: Hatch First 

Get SALT Encoding   

  12  0:00  Drone  
  13  0:12  Overlord  
  13  0:16  Drone  
  14  0:30  Drone x2  
  16  0:49  Hatchery  
  15  0:51  Drone  
  15  0:55  Drone  
  17  0:58  Drone  
  18  1:08  Extractor  
  17  1:14  Spawning Pool  
  17  1:17  Drone  
  17  1:20  Drone  
  18  1:28  Drone  
  19  1:39  Overlord  
  19  1:49  Drone  
  20  2:00  Queen  
  22  2:01  Queen  
  22  2:02  Zergling x2  
  22  2:03  Zergling x2  
  26  2:11  Metabolic Boost  
  26  2:12  Drone  
  26  2:14  Drone  
  28  2:22  Drone x2  
  30  2:32  Zergling x2  
  31  2:41  Queen  
  33  2:58  Overlord  
  33  3:02  Zergling x6  
  33  3:03  Zergling x2  
  36  3:10  Zergling x2  
  36  3:11  Zergling x4  
  36  3:15  Queen  
  19  3:43  Drone x2  
  20  4:04  Zergling x2  
  22  4:10  Zergling x4  
  22  4:15  Zergling x2  
  24  4:22  Baneling Nest  
  23  4:25  Zergling x2  
  24  4:32  Zergling x2  
  24  4:37  Zergling x4  
  27  4:41  Extractor  
  27  4:43  Drone  
  27  4:47  Zergling x2  
Tags
 
Add a new tag
Caveats
  • Supply blocks, unpowered buildings, or Contaminate may cause inaccurate times.
  • Supply counts are checked every 10 seconds.